AoeStats
← Darioo091867

Arena

510195402Analyzed
3v3 RM · 3d ago on Sep 29, 2026· 38m 48s· 6 players
Game mode
Random Map
Map size
Normal (6 player)
Population
200
Speed
Normal
Resources
Standard
Victory
Conquest
Starting age
Dark Age
Ending age
Imperial Age
RankedLock teamsTeams togetherTeam positionsShared explorationLock speedFull tech treeHidden civsTurbo modeCheats
Victory
Defeat
🇳🇱 Ethiopians · Netherlands
901
+11
🇨🇴 Gurjaras · Colombia
868
+13
🇨🇴 Bohemians · Colombia
860
+13
🇦🇷 Spanish · Argentina
1000
-64
🇦🇷 Romans · Argentina
697
-9
🇦🇷 Persians · Argentina
682
-8
Sm0k1nG040
11:20 Feudal Age
15:12 Castle Age
13:40 Double-Bit Axe
13:39 Horse Collar
14:57 Wheelbarrow
16:25 Bow Saw
16:17 Heavy Plow
21:10 Gold Mining
22:47 Gold Shaft Mining
29:28 Imperial Age
26:44 Loom
27:16 Hand Cart
27:03 Fletching
27:15 Padded Archer Armor
27:58 Ballistics
28:13 Bodkin Arrow
27:48 Crossbowman
28:37 Thumb Ring
29:32 Caravan
31:35 Chemistry
31:44 Two-Man Saw
31:10 Conscription
30:31 Arbalester
32:47 Bracer
35:13 Leather Archer Armor
parradodj
13:11 Feudal Age
11:27 Loom
13:33 Feudal Age
11:52 Loom
14:22 Horse Collar
14:34 Gold Mining
15:22 Wheelbarrow
14:37 Double-Bit Axe
18:01 Stone Mining
22:14 Castle Age
23:16 Bow Saw
23:27 Fletching
23:38 Padded Archer Armor
23:49 Forging
26:06 Heavy Plow
26:59 Husbandry
28:54 Bloodlines
28:11 Elite Skirmisher
29:01 Light Cavalry
31:00 Thumb Ring
30:16 Crossbowman
31:23 Bodkin Arrow
31:30 Scale Mail Armor
32:30 Caravan
32:47 Murder Holes
33:13 Ballistics
33:14 Leather Archer Armor
33:58 Fortified Wall
34:47 Iron Casting
34:28 Chain Mail Armor
35:19 Scale Barding Armor
35:38 Hand Cart
39:28 Gold Shaft Mining
39:29 Stone Shaft Mining
mojarra
10:50 Feudal Age
16:33 Castle Age
14:50 Double-Bit Axe
17:02 Horse Collar
19:23 Masonry
27:30 Heavy Plow
30:07 Chemistry
30:39 Bow Saw
35:06 Imperial Age
33:31 Wheelbarrow
Darioo091867
13:36 Feudal Age
15:18 Double-Bit Axe
20:37 Castle Age
18:24 Man-at-Arms
21:40 Horse Collar
22:34 Stone Mining
22:34 Gold Mining
22:49 Long Swordsman
24:06 Heavy Plow
26:30 Scale Mail Armor
26:40 Forging
26:59 Gold Mining
27:50 Chain Mail Armor
29:25 Iron Casting
29:54 Gold Shaft Mining
29:54 Stone Shaft Mining
33:15 Imperial Age
34:24 Plate Mail Armor
34:55 Blast Furnace
36:37 Gambesons
PulpoPol
11:27 Feudal Age
12:10 Horse Collar
12:18 Double-Bit Axe
15:09 Loom
19:17 Castle Age
19:26 Forging
19:16 Scale Mail Armor
18:46 Man-at-Arms
20:23 Long Swordsman
21:35 Gold Mining
21:35 Stone Mining
21:51 Heavy Plow
22:15 Bow Saw
25:21 Pikeman
26:01 Squires
28:26 Wheelbarrow
28:26 Ballistics
30:14 Gold Shaft Mining
29:34 Loom
33:32 Imperial Age
31:26 Hand Cart
32:40 Murder Holes
33:47 Legionary
34:45 Chain Mail Armor
35:05 Iron Casting
35:14 Capped Ram
36:06 Ballistas
36:51 Siege Ram
39:24 Chemistry
DARIØ
14:02 Feudal Age
21:38 Castle Age
27:38 Horse Collar
31:46 Imperial Age
31:02 Town Watch
32:44 Wheelbarrow
Connection lost

Rejoining the realm…

Still unreachable

The connection could not be restored.

Session expired

The server has moved on; the page needs a fresh start.